AoeStats
← A Bá

Nomad

510121039Analyzed
4v4 RM · 4d ago on Sep 29, 2026· 38m 20s· 8 players
Game mode
Random Map
Map size
231×231
Population
200
Speed
Normal
Resources
Standard
Victory
Conquest
Starting age
Dark Age
Ending age
Imperial Age
RankedLock teamsTeams togetherTeam positionsShared explorationLock speedFull tech treeHidden civsTurbo modeCheats
Victory
Defeat
1377
+12
🇨🇳 Danes · China
1300
+15
🇦🇺 Japanese · Australia
1287
+16
🇻🇳 Huns · Vietnam
1273
+16
🇫🇷 Lithuanians · France
1321
-17
🇺🇸 Varangians · United States
1276
-15
🇨🇴 Persians · Colombia
1273
-14
🇺🇸 Bohemians · United States
1251
-13
虾仁
7:33 Loom
14:46 Feudal Age
17:59 Fishing Lines
21:17 Castle Age
19:35 Double-Bit Axe
24:09 Bow Saw
24:34 Gillnets
25:47 Scale Mail Armor
25:57 Forging
27:25 Chain Mail Armor
27:45 Iron Casting
30:32 Wheelbarrow
34:29 Squires
34:15 Arson
36:51 Horse Collar
41:13 Imperial Age
double barrack mountain king
14:15 Loom
16:31 Feudal Age
20:25 Castle Age
18:14 Double-Bit Axe
20:41 Scale Mail Armor
21:37 Forging
21:45 Bow Saw
21:42 Town Watch
33:28 Fletching
34:20 Fishing Lines
Súc Vật Du Phong
3:15 Loom
14:59 Feudal Age
19:10 Castle Age
18:56 Double-Bit Axe
26:05 Scale Barding Armor
27:10 Horse Collar
29:59 Heavy Plow
30:11 Forging
31:36 Chain Barding Armor
31:28 Husbandry
34:59 Wheelbarrow
34:35 Bloodlines
38:42 Hand Cart
39:32 Iron Casting
A Bá
3:54 Loom
13:58 Feudal Age
17:21 Fletching
25:17 Castle Age
23:56 Double-Bit Axe
24:04 Gold Mining
24:43 Horse Collar
27:50 Squires
28:11 Arson
34:21 Scale Mail Armor
35:52 Forging
Slayer
5:28 Loom
14:49 Feudal Age
18:35 Castle Age
17:06 Double-Bit Axe
20:10 Bow Saw
21:25 Fletching
24:02 Town Watch
25:09 Horse Collar
32:57 Wagenburg Tactics
WATERMELON
4:08 Loom
12:32 Feudal Age
13:21 Double-Bit Axe
18:16 Forging
23:16 Castle Age
22:40 Gold Mining
23:58 Medium Warships
24:35 Iron Casting
25:29 Wheelbarrow
25:07 Bow Saw
25:51 Careening
26:39 Town Watch
29:32 Hand Cart
29:11 Fishing Lines
29:54 Horse Collar
31:05 Fletching
31:34 Scale Barding Armor
35:44 Imperial Age
34:43 Chain Barding Armor
35:53 Bloodlines
37:00 Cavalier
38:16 Plate Barding Armor
BlueStaR
7:40 Loom
14:15 Feudal Age
15:08 Double-Bit Axe
18:20 Castle Age
18:32 Horse Collar
18:36 Fishing Lines
19:17 Bow Saw
19:04 Gold Mining
19:35 Gillnets
21:33 Wheelbarrow
21:00 Stone Mining
22:26 Stone Shaft Mining
23:29 Hand Cart
31:08 Imperial Age
28:45 Scale Mail Armor
28:37 Horse Collar
31:11 Elite Leitis
34:01 Forging
33:56 Scale Barding Armor
34:08 Chain Mail Armor
34:15 Conscription
37:52 Scale Barding Armor
I ONLY MAKE SKIRMS
9:34 Loom
15:21 Feudal Age
17:00 Double-Bit Axe
20:26 Castle Age
20:17 Fishing Lines
21:07 Bloodlines
21:29 Bow Saw
21:25 Fletching
22:56 Bodkin Arrow
26:16 Gillnets
26:50 Forging
31:28 Scale Barding Armor
36:08 Imperial Age
34:14 Wheelbarrow
33:25 Town Watch
34:04 Vendel Legacy
34:28 Horse Collar
35:17 Husbandry
36:16 Cavalier
Connection lost

Rejoining the realm…

Still unreachable

The connection could not be restored.

Session expired

The server has moved on; the page needs a fresh start.